 Dungeon Crawl Stone Soup version 0.22.1-1-ga44c0e5 (webtiles) character file.

361 lysyklops the Skirmisher (level 6, 56/56 HPs)
             Began as a Minotaur Fighter on Oct 4, 2018.
             Quit the game on level 3 of the Dungeon.
             The game lasted 00:04:25 (2384 turns).

lysyklops the Skirmisher (Minotaur Fighter)         Turns: 2384, Time: 00:04:26

Health: 56/56      AC:  8    Str: 22    XL:     6   Next: 38%
Magic:  5/5        EV:  7    Int:  5    God:
Gold:   134        SH: 10    Dex: 10    Spells: 5/5 levels left

rFire    . . .     SeeInvis .   a - +0 war axe
rCold    . . .     Gourm    .   c - +0 shield
rNeg     . . .     Faith    .   b - +0 scale mail
rPois    .         Spirit   .   (helmet restricted)
rElec    .         Reflect  .   (no cloak)
rCorr    .         Harm     .   p - +0 pair of gloves
MR       .....                  (no boots)
Stlth    ..........             (no amulet)
HPRegen  0.18/turn              (no ring)
MPRegen  0.09/turn              (no ring)

@: no status effects
A: retaliatory headbutt, horns 2
a: no special abilities


You were on level 3 of the Dungeon.
You were hungry.

You visited 1 branch of the dungeon, and saw 3 of its levels.

You collected 134 gold pieces.

Inventory:

Hand Weapons
 a - a +0 war axe (weapon)
Armour
 b - a +0 scale mail (worn)
 c - a +0 shield (worn)
 p - a +0 pair of gloves (worn)
Scrolls
 e - a scroll of identify {unknown}
 h - a scroll of enchant weapon {unknown}
 i - a scroll of magic mapping {unknown}
 j - a scroll of fog {unknown}
 m - a scroll of teleportation {unknown}
 o - a scroll of remove curse {unknown}
Potions
 d - 2 potions of might
 g - a potion of ambrosia {unknown}
 k - a potion of lignification {unknown}
 l - 2 potions of brilliance {unknown}
 n - a potion of degeneration {unknown}
Comestibles
 f - 4 rations


   Skills:
 + Level 5.4 Fighting
 + Level 4.6 Axes
 + Level 5.3 Armour
 + Level 5.3 Shields


You had 5 spell levels left.
You didn't know any spells.
Your spell library was empty.

Dungeon Overview and Level Annotations

Branches:
Dungeon (3/15)

Altars:
Yredelemnul

Annotations:
D:3 3 runed doors, OwlQaeda's ghost, amateur OpTm


Innate Abilities, Weirdness & Mutations

You reflexively headbutt those who attack you in melee.
You have a pair of horns on your head.


Message History

You are feeling hungry.
A kobold comes into view. It is wielding a dagger.
The kobold shouts!
A bat comes into view.
There is a stone staircase leading up here.
Press: ? - help, v - describe, . - travel
Here: OwlQaeda's ghost (fire blocked by a translucent stone wall)
The floor.
You closely miss the kobold. Your headbutt misses the kobold.
The kobold hits you but does no damage.
You closely miss the kobold.
You headbutt the kobold, but do no damage.
The kobold hits you but does no damage.
You hit the kobold but do no damage.
The kobold hits you but does no damage. x2
You hit the kobold but do no damage. The kobold hits you but does no damage.
You barely miss the kobold. The kobold hits you but does no damage.
You slash the kobold!
You kill the kobold!
No reachable target in view!
Are you sure you want to abandon this character and quit the game? (Confirm

#.#..#.#..#.##.####........
#.#.#...#.#....####.####.##
#.#.......#.........# #.#
#.#.w..Wob#.##.#########.#
#.###+++###.##...........#
#..............#########.#
#####....#.##......... ..#
#..............### #.#
#.###.@###.###.# #.# #.#
#.)# #.# # #.# #.###..# #.#
#.# #.....<# ### #.#
#..##...≈≈8≈≈. ##.#
#.†##....≈≈≈.. #..#
#..##..#...... #<###
#..##..###K.## #....
#..##).# ..# #.###


You could see an orc and a bat.

Vanquished Creatures
  Sigmund (D:2)
  Jessica (D:2)
  Natasha (D:2)
  3 gnolls (D:3)
  3 adders
  A worm (D:2)
  3 dart slugs
  3 leopard geckos
  4 orcs (D:3)
  2 gnoll zombies (D:2)
  8 goblins
  7 hobgoblins
  4 jackals (D:1)
  3 quokkas (D:2)
  9 bats
  2 frilled lizards (D:1)
  8 kobolds
  11 rats
74 creatures vanquished.

Notes
Turn   | Place    | Note
-------+----------+-------------------------------------------
     0 | D:1      | lysyklops the Minotaur Fighter began the quest for the Orb.
     0 | D:1      | Reached XP level 1. HP: 19/19 MP: 0/0
   119 | D:1      | Reached XP level 2. HP: 23/27 MP: 1/1
   344 | D:1      | Reached XP level 3. HP: 32/33 MP: 2/2
   820 | D:2      | Noticed Natasha
   827 | D:2      | Killed Natasha
   827 | D:2      | Reached XP level 4. HP: 34/41 MP: 3/3
  1069 | D:2      | Noticed Jessica
  1075 | D:2      | Killed Jessica
  1258 | D:2      | Noticed Sigmund
  1275 | D:2      | HP: 2/41 [Sigmund/scythe (3)]
  1276 | D:2      | Killed Sigmund
  1276 | D:2      | Reached skill level 5 in Fighting
  1276 | D:2      | Reached skill level 5 in Armour
  1276 | D:2      | Reached skill level 5 in Shields
  1276 | D:2      | Reached XP level 5. HP: 2/48 MP: 4/4
  1276 | D:2      | Reached XP level 6. HP: 3/56 MP: 5/5
  1585 | D:2      | Found a basalt altar of Yredelemnul.
  2315 | D:3      | Noticed OwlQaeda's ghost (amateur OpTm)
  2331 | D:3      | Found a runed gate.
  2332 | D:3      | Found a runed gate.
  2335 | D:3      | Found a runed gate.
  2384 | D:3      | Quit the game

Skill      XL: |  1  2  3  4 |
---------------+-------------+-----
Fighting       | 4 5 |  5.4
Armour         | 4 5 |  5.3
Shields        | 4 5 |  5.3
Axes           | 3 4 |  4.6

Action                   |  1- 3 |  4- 6 || total
-------------------------+-------+-------++-------
Melee: War axe           |    89 |   101 ||   190
       Headbutt          |    18 |    14 ||    32
  Eat: Chunk             |       |     1 ||     1
       Ration            |       |     1 ||     1
Armor: Scale mail        |    40 |    36 ||    76
Dodge: Dodged            |    23 |    27 ||    50
Block: Shield            |    55 |    58 ||   113
